 Dungeon Crawl Stone Soup version 0.26.0-9-gab577f9fc5 (webtiles) character file.

Game seed: 2048259520557447589

393244 Gauvater the Warrior (level 24, -1/197 HPs)
             Began as a Formicid Fighter on Jan 12, 2021.
             Was an Elder of Zin.
             Splashed by a caustic shrike's acid (7 damage)
             ... on level 4 of the Depths on Jan 14, 2021.
             The game lasted 12:56:30 (64408 turns).

Gauvater the Warrior (Formicid Fighter)            Turns: 64408, Time: 12:56:30

Health: -1/197     AC: 21    Str: 30    XL:     24   Next: 24%
Magic:  30/34      EV: 14    Int: 11    God:    Zin [****..]
Gold:   335        SH: 16    Dex: 13    Spells: 23/23 levels left

rFire    + + +     SeeInvis +   K - +7 great mace "Firestarter" {inner flame, rF++}
rCold    + . .     Faith    .   c - +1 kite shield {reflect}
rNeg     . . .     Spirit   .   w - +10 crystal plate armour
rPois    .         Reflect  +   (helmet unavailable)
rElec    .         Harm     .   P - scarf {rC+ rF+}
rCorr    .         Rampage  .   v - +2 pair of gloves {Dex+3}
Will     ++...                  (no boots)
Stlth    ..........             p - amulet of regeneration
HPRegen  0.82/turn              x - +4 ring of protection
MPRegen  0.24/turn              u - +4 ring of slaying

@: corroded, studying Maces & Flails
A: permanent stasis, dig shafts and tunnels, four strong arms, antennae 3
}: 2/15 runes: barnacled, gossamer
a: Dig, Shaft Self, Renounce Religion, Recite, Vitalisation, Imprison, Donate
Gold


You were on level 4 of the Depths.
You worshipped Zin.
Zin was greatly pleased with you.
You visited 11 branches of the dungeon, and saw 44 of its levels.
You also visited: Bailey and Volcano.

You collected 5436 gold pieces.
You spent 4605 gold pieces at shops.
You donated 496 gold pieces to Zin.

Inventory:

Hand Weapons
 h - the +9 heavy crossbow "Sniper" {vorpal, Acc+∞ SInv}
   (You found it on level 3 of the Depths)

   Any bolt fired from it inflicts extra damage.
   It lets you see invisible.
 i - a +9 battleaxe of flaming
 k - a +2 triple sword of flaming
 m - a +2 arbalest of flaming
 y - a +4 double sword of holy wrath
 B - a +4 arbalest of freezing
 H - a +3 battleaxe
 K - the +7 great mace "Firestarter" (weapon) {inner flame, rF++}
   (You found it on level 4 of the Shoals)

   It has been specially enchanted to burn those struck by it, causing extra
   injury to most foes and up to half again as much damage against particularly
   susceptible opponents.
   It greatly protects you from fire.
 Y - a +3 battleaxe of freezing
Missiles
 d - 35 boomerangs (quivered)
 o - 63 poisoned darts
 s - 895 bolts
 A - 5 atropa-tipped darts
 J - 39 silver javelins
 U - 13 throwing nets
 V - 35 curare-tipped darts
 X - 34 javelins
Armour
 c - a +1 kite shield of reflection (worn)
 e - the +6 scale mail of Longey {rC++ rN++ Regen+ Str-4}
   (You found it on level 6 of the Lair of Beasts)

   It affects your strength (-4).
   It greatly protects you from cold.
   It greatly protects you from negative energy.
   It increases your rate of regeneration.
 g - the +3 chain mail of Anet {Harm *Drain Will++ SInv}
   (You bought it in a shop on level 2 of the Orcish Mines)

   It affects your willpower, your defense against some magical effects.
   It lets you see invisible.
   It causes draining when unequipped.
   It increases damage dealt and taken.
 v - a +2 pair of gloves of dexterity (worn)
 w - a +10 crystal plate armour (worn)
 P - a scarf of resistance (worn)
Jewellery
 a - an uncursed ring of protection from cold
 f - an uncursed ring of resist corrosion
 p - an amulet of regeneration (around neck)
 u - a +4 ring of slaying (right hand)
 x - a +4 ring of protection (left hand)
 I - an uncursed ring of positive energy
Wands
 D - a wand of acid (9)
 E - a wand of paralysis (15)
 G - a wand of flame (48)
 L - a wand of iceblast (13)
Scrolls
 j - 17 scrolls of identify
 l - 16 scrolls of remove curse
 r - 2 scrolls of amnesia
 t - 4 scrolls of immolation
 z - 5 scrolls of fog
 C - 3 scrolls of holy word
 N - 3 scrolls of fear
 Q - a scroll of summoning
 S - a scroll of magic mapping
 W - a scroll of brand weapon
Potions
 b - a potion of might
 n - 6 potions of curing
 q - 7 potions of ambrosia
 M - a potion of cancellation
 R - a potion of magic
 T - a potion of brilliance
Books
 O - a manual of Maces & Flails
Miscellaneous
 Z - a tin of tremorstones (2/2)


   Skills:
 + Level 18.0 Fighting
 + Level 0.7(9.2) Short Blades
 - Level 13.8 Long Blades
 - Level 13.8(15.5) Axes
 * Level 12.3(14.7) Maces & Flails
 - Level 2.1(9.4) Polearms
 * Level 8.6 Crossbows
 - Level 7.0 Throwing
 * Level 15.5 Armour
 * Level 15.3 Dodging
 - Level 2.9 Stealth
 * Level 15.4 Shields
 * Level 15.7 Invocations
 + Level 7.8 Evocations


You had 23 spell levels left.
You didn't know any spells.
Your spell library contained the following spells:

 Spells                   Type           Power        Failure   Level
 Beastly Appendage        Tmut           0%           99%         1
 Corona                   Hex            0%           99%         1
 Foxfire                  Conj/Fire      0%           99%         1
 Magic Dart               Conj           0%           99%         1
 Sandblast                Erth           0%           99%         1
 Shock                    Conj/Air       0%           99%         1
 Sting                    Tmut/Pois      0%           99%         1
 Summon Small Mammal      Summ           0%           99%         1
 Call Imp                 Summ           0%           100%        2
 Ensorcelled Hibernation  Hex/Ice        0%           100%        2
 Passwall                 Tmut/Erth      0%           100%        2
 Poisonous Vapours        Pois/Air       0%           100%        2
 Searing Ray              Conj           0%           100%        2
 Slow                     Hex            0%           100%        2
 Wereblood                Tmut           0%           100%        2
 Confusing Touch          Hex            0%           100%        3
 Conjure Flame            Conj/Fire      0%           100%        3
 Dazzling Flash           Conj/Hex       0%           100%        3
 Gell's Gravitas          Tloc           0%           100%        3
 Ignite Poison            Fire/Tmut/Pois 0%           100%        3
 Inner Flame              Hex/Fire       0%           100%        3
 Mephitic Cloud           Conj/Pois/Air  0%           100%        3
 Spider Form              Tmut/Pois      0%           100%        3
 Stone Arrow              Conj/Erth      0%           100%        3
 Tukima's Dance           Hex            0%           100%        3
 Cause Fear               Hex            0%           100%        4
 Fulminant Prism          Conj/Hex       0%           100%        4
 Ice Form                 Ice/Tmut       0%           100%        4
 Iskenderun's Mystic Bla  Conj/Tloc      0%           100%        4
 Olgreb's Toxic Radiance  Pois           0%           100%        4
 Petrify                  Tmut/Erth      0%           100%        4
 Sticky Flame             Conj/Fire      0%           100%        4
 Blade Hands              Tmut           0%           100%        5
 Fireball                 Conj/Fire      0%           100%        5
 Lee's Rapid Deconstruct  Erth           0%           100%        5
 Metabolic Englaciation   Hex/Ice        0%           100%        5
 Silence                  Hex/Air        0%           100%        5
 Yara's Violent Unravell  Hex/Tmut       0%           100%        5
 Malign Gateway           Summ/Tloc      0%           100%        7
 Monstrous Menagerie      Summ           0%           100%        7
 Summon Greater Demon     Summ           0%           100%        7
 Discord                  Hex            0%           100%        8
 Summon Horrible Things   Summ           0%           100%        8
 Blink                    Tloc           Unusable     N/A         2

Dungeon Overview and Level Annotations

Branches:
Dungeon (15/15)            Temple (1/1) D:7            Lair (6/6) D:8
 Shoals (4/4) Lair:2       Spider (4/4) Lair:3        Slime (5/5) Lair:6
    Orc (2/2) D:12            Elf (1/3) Orc:2        Vaults (1/5) D:13
 Depths (4/5) D:15           Hell (visited)          Bailey (visited)
Volcano (visited)
    Dis: Hell:1         Geh: Hell:1         Coc: Hell:1         Tar: Hell:1

Altars:
Ashenzari
Cheibriados
Dithmenos
Elyvilon
Fedhas
Gozag
Hepliaklqana
Kikubaaqudgha
Makhleb
Nemelex Xobeh
Okawaru
Qazlal
Ru
Sif Muna
Trog
Uskayaw
Vehumet
Wu Jian
Xom
Yredelemnul
Zin
The Shining One
Beogh
Jiyva
Lugonu

Shops:
D:8 !   D:9 !   D:10 !   D:12 *   D:14 (!??(   Orc:2 [([[?   Shoals:1 [=[}**
Shoals:2 }   Depths:3 :

Portals:
Hell: Depths:1 Depths:2 Depths:3 Depths:4
Abyss: Spider:2
Pandemonium: Depths:3 Depths:4
Ziggurat: Depths:4
Trove: D:12 (give +3 ice dragon scales)

Annotations:
D:6 1 runed translucent door, Crazy Yiuf
D:13 1 exclusion
Slime:5 Royal Jelly
Hell Geryon


Innate Abilities, Weirdness & Mutations

You cannot be hasted, slowed, berserked, paralysed or teleported.
You can dig through walls and to a lower floor.
Your four strong arms can wield two-handed weapons with a shield.
You have a pair of large antennae on your head. (SInv)


Message History

Unknown command.
Okay, then.
Unknown command.
Press: ? - help, v - describe, . - travel
Here: a caustic shrike (lightly wounded)
The floor.
There are monsters nearby!
Unknown command.
Unknown command.
Okay, then.
You feel much better.
The caustic shrike claws you but does no damage.
The caustic shrike claws you!!
* * * LOW HITPOINT WARNING * * *
The acid corrodes you!
You are splashed with acid!
* * * LOW HITPOINT WARNING * * *
The caustic shrike claws you.
* * * LOW HITPOINT WARNING * * *
You are splashed with acid!
You die...

........##.###.....).....##.#.#.#
............?............##...#..
.........................########
...........###...................
.######.##.yD#...........########
.# #...##.###....∩........## .#
#.#y[y.##..y##+######...##
#####'#######...##.# ##..#..##
≈≈≈≈≈y§§≈§≈≈#..b@.># ##..###..##
≈≈≈≈...≈≈≈≈≈#.....## #..##.##..#
≈≈≈.....≈≈≈≈#.....# #.##.∩.##.#
≈≈......§≈≈≈#.(...####..##.##..#
≈..8...8..§≈#)..<['...#..###..##
§..........≈#.....###.#...#..##
.§§..8......#.....###.#.....##
...........≈#.........#.##..#
≈..8...8..≈≈#(.#.###..#.#.#.#


You could see a caustic shrike and a spark wasp.

Vanquished Creatures
  Margery (Depths:3)
  A golden dragon (Depths:4)
  Arachne (Spider:3)
  Rupert (D:15)
  A lich (Depths:3)
  The ghost of xzight the Executioner, an adept MiBe of Trog (Shoals:1)
  2 quicksilver dragons
  A kraken (Shoals:3)
  The ghost of Beorghan the Bludgeoner, an adept MiBe of Trog (Spider:2)
  15 acid blobs
  Gastronok (Lair:3)
  Kirke (D:12)
  A shadow dragon (Depths:4)
  6 azure jellies
  5 fire giants
  3 frost giants
  An iron dragon (Depths:4)
  A balrug (Depths:1)
  Louise (Spider:3)
  A vault warden (Vaults:1)
  3 ghost moths
  7 emperor scorpions
  A caustic shrike zombie (Depths:2)
  A draconian annihilator (Depths:3)
  A deep elf sorcerer (Elf:1)
  An ironheart preserver (Vaults:1)
  A caustic shrike skeleton (Depths:2)
  7 stone giants
  27 very ugly things
  A deep elf elementalist (Elf:1)
  A vampire knight (Depths:3)
  3 spriggan defenders (Depths:4)
  Nessos (D:14)
  3 entropy weavers (Spider:2)
  6 deep elf annihilators (Depths:3)
  A red draconian (Volcano)
  5 merfolk javelineers
  6 statues (Depths:3)
  4 spark wasps
  4 ettins
  4 fire dragons
  8 merfolk impalers
  2 death oozes
  4 yaktaur captains
  4 boulder beetles
  4 ice dragons
  12 great orbs of eyes
  Fannar (D:10)
  5 vault guards
  A rakshasa (Depths:3)
  7 spriggan air magi
  A hell beast (Depths:2)
  3 catoblepae (Lair:6)
  4 merfolk avatars
  8 centaur warriors
  20 two-headed ogres
  7 hydras
  A death knight (D:14)
  3 alligator snapping turtles
  4 satyrs
  7 tengu warriors
  5 ogre magi
  6 merfolk aquamancers
  5 deep troll shamans
  11 death yaks
  2 deep troll earth magi
  Urug (D:10)
  2 spriggan berserkers
  Nergalle (D:11)
  A sun demon (Depths:2)
  Sonja (Lair:3)
  A salamander mystic (Depths:4)
  A spectral emperor scorpion (Spider:2)
  4 skeletal warriors (D:14)
  The ghost of Mryle the Covert, a novice KoEn of Uskayaw (D:7)
  5 iron trolls
  4 hell knights (Depths:3)
  13 sea snakes
  6 unseen horrors
  6 wizards
  3 glowing orange brains
  2 obsidian statues
  4 ironbrand convokers (Vaults:1)
  6 deep trolls
  2 spectral wolf spiders (Spider:2)
  4 orc knights
  A shadow dragon zombie (Depths:2)
  A phantasmal warrior (D:14)
  6 necromancers
  10 harpies
  26 wolf spiders
  27 ugly things
  An orc sorcerer (D:15)
  30 orb spiders
  A tengu skeleton (Depths:2)
  3 oklob plants (Lair:3)
  7 cyclopes
  11 shining eyes
  9 deep elf magi
  24 manticores
  A stone giant zombie (Depths:1)
  A frost giant skeleton (Vaults:1)
  A stone giant skeleton (Depths:1)
  9 salamanders
  2 vault sentinels (Vaults:1)
  16 fauns
  A shining eye (shapeshifter) (Depths:1)
  5 moths of wrath
  12 merfolk sirens
  3 eyes of devastation
  5 elephants (Lair:4)
  A rust devil (Depths:2)
  A naga mage (D:15)
  6 water nymphs
  2 black mambas
  An elf zombie (Depths:1)
  A titan simulacrum (Depths:2)
  3 torpor snails
  3 gargoyles
  A spectral redback (Spider:2)
  8 rime drakes
  9 cane toads
  An efreet (D:14)
  30 yaktaurs
  2 kobold demonologists
  7 komodo dragons
  11 demonic crawlers
  2 tengu conjurers (Depths:3)
  12 trolls
  50 merfolk
  6 meliai
  2 hellwings (Depths:1)
  25 jumping spiders
  A queen bee (Spider:1)
  2 spectral jumping spiders (Spider:2)
  A wolf spider simulacrum (Spider:2)
  2 polar bears
  A hornet (shapeshifter) (Depths:1)
  33 blink frogs
  A spectral tarantella (Spider:2)
  4 wind drakes
  A spriggan zombie (Depths:2)
  5 hornets
  132 slime creatures
  A fire giant simulacrum (Depths:2)
  10 snapping turtles
  7 dream sheep
  86 redbacks
  21 water elementals
  Sigmund (D:3)
  An ettin skeleton (Vaults:1)
  A vampire (D:14)
  6 wyverns
  3 basilisks
  Grum (D:10)
  7 wraiths
  78 yaks
  39 tarantellas
  10 fire bats
  2 fire elementals (Depths:1)
  18 humans
  Eustachio (D:5)
  8 golden eyes
  19 vampire mosquitoes
  2 wargs
  2 hell hounds
  4 acid dragons
  8 water moccasins
  A floating eye (Slime:5)
  3 sky beasts
  2 spectral hornets (Spider:2)
  4 ice beasts
  19 orc warriors
  2 black bears (shapeshifter)
  8 phantoms
  A tarantella simulacrum (Spider:2)
  9 eyes of draining
  A boggart (D:15)
  4 black bears
  35 ogres
  A human skeleton (Vaults:1)
  A necrophage (D:10)
  12 wolves
  23 centaurs
  3 big kobolds
  18 bullfrogs
  A yaktaur skeleton (Depths:1)
  An elf simulacrum (Vaults:1)
  A glowing shapeshifter simulacrum (Vaults:1)
  A water moccasin skeleton (D:7)
  10 scorpions
  34 killer bees
  6 electric eels
  2 howler monkeys (D:6)
  7 wights
  3 crimson imps
  2 centaur zombies
  9 jellies
  8 lava snakes
  2 quasits
  A bullfrog zombie (D:12)
  10 orc priests
  15 hounds
  4 bullfrog skeletons
  Ijyb (D:5)
  6 centaur skeletons
  4 iguanas
  17 orc wizards
  6 hell rats
  11 worker ants
  A hound zombie (D:10)
  2 hound skeletons
  A mummy (D:7)
  2 worker ant zombies
  3 gnolls (D:6)
  A howler monkey skeleton (D:11)
  13 adders
  7 shadow imps
  3 white imps
  4 ufetubi
  An ooze (D:1)
  3 adder zombies
  4 worms
  A dart slug (D:1)
  5 leopard geckos
  80 orcs
  7 giant cockroaches
  10 goblins
  7 hobgoblins
  9 jackals
  7 quokkas
  2 ball pythons
  8 bats
  3 frilled lizards
  2 hobgoblin zombies (D:7)
  11 kobolds
  A kobold zombie (D:7)
  A leopard gecko skeleton (D:4)
  A leopard gecko zombie (D:6)
  An orc zombie (D:7)
  11 rats
  5 fire vortices
  A lurking horror (Spider:2)
  A pillar of salt (Elf:1)
1781 creatures vanquished.

Vanquished Creatures (collateral kills)
  Frederick (Depths:3)
1 creature vanquished.

Vanquished Creatures (others)
  A draconian annihilator (Depths:3)
  A deep elf annihilator (Depths:3)
  A statue (Depths:3)
  4 humans (D:12)
  2 killer bees (Spider:1)
  An orc (D:12)
  17 fungi
  2 pillars of salt
  148 plants
  34 tentacles (Shoals:3)
211 creatures vanquished.

Grand Total: 1993 creatures vanquished

Notes
Turn   | Place    | Note
-------+----------+-------------------------------------------
     0 | D:1      | Gauvater the Formicid Fighter began the quest for the Orb.
     0 | D:1      | Reached XP level 1. HP: 18/18 MP: 1/1
    64 | D:1      | Reached XP level 2. HP: 22/24 MP: 2/2
   217 | D:1      | Reached XP level 3. HP: 29/29 MP: 3/3
   760 | D:2      | Reached XP level 4. HP: 19/37 MP: 4/4
  1040 | D:2      | Noticed a moth of wrath
  1043 | D:2      | Found a bloodstained altar of Trog.
  1053 | D:2      | Reached XP level 5. HP: 32/42 MP: 5/5
  1886 | D:2      | Found a hide-covered altar of Uskayaw.
  1886 | D:2      | Found a shimmering altar of Xom.
  1920 | D:2      | Found a white marble altar of Elyvilon.
  1922 | D:2      | Found a snail-covered altar of Cheibriados.
  1923 | D:2      | Found an iron altar of Okawaru.
  2380 | D:3      | Noticed Sigmund
  2421 | D:3      | Killed Sigmund
  2422 | D:3      | Reached skill level 4 in Fighting
  2422 | D:3      | Reached skill level 1 in Dodging
  2422 | D:3      | Reached XP level 6. HP: 30/48 MP: 6/6
  2684 | D:3      | Found a sparkling altar of Nemelex Xobeh.
  2893 | D:4      | Noticed an ogre
  2901 | D:4      | Killed an ogre
  2902 | D:4      | Reached skill level 5 in Shields
  2902 | D:4      | Reached XP level 7. HP: 55/55 MP: 7/7
  3216 | D:4      | Reached skill level 5 in Axes
  3227 | D:4      | Found a broken altar of Ashenzari.
  3619 | D:5      | Entered Level 5 of the Dungeon
  3707 | D:5      | Noticed Eustachio
  3724 | D:5      | Got an iridescent great sword
  3725 | D:5      | Identified the +4 great sword "Lexkeocy" {flame, +Rage rF-
                  | Stlth+} (You found it on level 5 of the Dungeon)
  3732 | D:5      | Killed Eustachio
  3733 | D:5      | Reached XP level 8. HP: 41/61 MP: 8/8
  3758 | D:5      | Reached skill level 5 in Armour
  3795 | D:5      | Noticed Ijyb
  3809 | D:5      | Killed Ijyb
  3810 | D:5      | Reached skill level 1 in Long Blades
  3880 | D:5      | Reached skill level 5 in Fighting
  4447 | D:6      | Reached skill level 1 in Throwing
  4475 | D:6      | Reached XP level 9. HP: 21/68 MP: 9/9
  4896 | D:6      | Found a runed translucent door.
  4897 | D:6      | Noticed Crazy Yiuf
  5235 | D:6      | Reached skill level 1 in Stealth
  5335 | D:6      | Found a blossoming altar of Fedhas.
  5544 | D:7      | Found a flagged portal.
  5826 | D:7      | Found an ornate altar of the Wu Jian Council.
  6044 | Bailey   | Entered a bailey
  6327 | Bailey   | Noticed an orc knight
  6328 | Bailey   | Noticed an orc knight
  6367 | Bailey   | Reached skill level 6 in Fighting
  6509 | Bailey   | Killed an orc knight
  6510 | Bailey   | Reached skill level 1 in Evocations
  6510 | Bailey   | Reached XP level 10. HP: 33/76 MP: 10/10
  6722 | Bailey   | Killed an orc knight
  6723 | Bailey   | Reached skill level 1 in Polearms
  6723 | Bailey   | Reached skill level 5 in Dodging
  6994 | D:7      | Found a transporter.
  6995 | D:7      | Found a transporter.
  7084 | D:7      | Noticed a moth of wrath
  7095 | D:7      | Found a bloodstained altar of Trog.
  7104 | D:7      | Noticed Mryle's ghost (novice KoEn)
  7177 | D:7      | Found a shimmering blue altar of Sif Muna.
  7194 | D:7      | Identified Sif Muna's Disquisition on the Damaging
                  | Entourage
  7359 | D:7      | Found a bloodstained altar of Trog.
  7443 | D:7      | Reached skill level 5 in Long Blades
  7631 | D:7      | Found a staircase to the Ecumenical Temple.
  7640 | Temple   | Entered the Ecumenical Temple
  7799 | Temple   | Became a worshipper of Zin the Law-Giver
  7799 | Temple   | Reached * piety under Zin
  7799 | Temple   | Reached ** piety under Zin
  7909 | D:8      | Found Orekkad's Distillery.
  7912 | D:8      | Bought a potion of curing for 36 gold pieces
  7912 | D:8      | Bought a potion of might for 48 gold pieces
  7912 | D:8      | Bought a potion of heal wounds for 60 gold pieces
  7912 | D:8      | Bought a potion of might for 48 gold pieces
  7912 | D:8      | Bought a potion of curing for 36 gold pieces
  7912 | D:8      | Bought a potion of curing for 36 gold pieces
  7912 | D:8      | Bought a potion of might for 48 gold pieces
  8025 | D:8      | Found an ancient bone altar of Kikubaaqudgha.
  8057 | D:8      | Reached skill level 1 in Invocations
  8256 | D:8      | Reached XP level 11. HP: 82/83 MP: 10/12
  8329 | D:8      | Found a staircase to the Lair.
  8350 | D:8      | Reached skill level 7 in Fighting
  8804 | D:9      | Reached *** piety under Zin
  8843 | D:9      | Found a burning altar of Makhleb.
  8941 | D:9      | Noticed a seven-headed hydra
  9028 | D:9      | Found Cemnumy's Distillery.
  9039 | D:9      | Bought 2 potions of might for 112 gold pieces
  9039 | D:9      | Bought a potion of cancellation for 112 gold pieces
  9473 | D:9      | Killed a four-headed hydra
  9762 | D:10     | Entered Level 10 of the Dungeon
  9860 | D:10     | Noticed a boulder beetle
  9866 | D:10     | Found Ahunt's Distillery.
 10042 | D:10     | Killed a boulder beetle
 10043 | D:10     | Reached skill level 8 in Fighting
 10333 | D:10     | Reached **** piety under Zin
 10615 | D:10     | Noticed Urug
 10643 | D:10     | Killed Urug
 10947 | D:10     | Noticed Fannar
 10986 | D:10     | Killed Fannar
 11089 | D:10     | Reached XP level 12. HP: 51/94 MP: 14/14
 11317 | D:10     | Noticed Grum
 11373 | D:10     | Killed Grum
 11863 | D:11     | Noticed Nergalle
 11895 | D:11     | Killed Nergalle
 12061 | D:11     | Reached ***** piety under Zin
 12279 | D:11     | Noticed a two-headed ogre
 12299 | D:11     | Killed a two-headed ogre
 12300 | D:11     | Reached skill level 5 in Invocations
 12309 | D:11     | Noticed an unseen horror
 12324 | D:11     | Killed an unseen horror
 12601 | D:11     | Noticed an unseen horror
 12614 | D:11     | Killed an unseen horror
 12615 | D:11     | Reached skill level 9 in Fighting
 13013 | D:12     | Noticed a centaur warrior
 13028 | D:12     | Killed a centaur warrior
 13236 | D:12     | Found Turu's Assorted Antiques.
 13242 | D:12     | Bought a potion of heal wounds for 160 gold pieces
 13242 | D:12     | Bought a scroll of identify for 64 gold pieces
 13437 | D:12     | Noticed a two-headed ogre
 13450 | D:12     | Killed a two-headed ogre
 13451 | D:12     | Reached XP level 13. HP: 83/101 MP: 17/17
 13451 | D:12     | Noticed an eight-headed hydra
 13462 | D:12     | Killed a four-headed hydra
 13915 | D:12     | Noticed Kirke
 13924 | D:12     | Killed Kirke
 13925 | D:12     | Reached skill level 10 in Armour
 14084 | Lair:1   | Entered Level 1 of the Lair of Beasts
 14235 | Lair:1   | Reached skill level 10 in Dodging
 14667 | Lair:1   | Reached skill level 10 in Fighting
 15771 | Lair:2   | Found a staircase to the Shoals.
 15918 | Lair:2   | Found a gate leading to a gauntlet.
 16701 | Lair:2   | Reached XP level 14. HP: 54/111 MP: 19/19
 16853 | Lair:3   | Reached skill level 10 in Shields
 17035 | Lair:3   | Reached skill level 10 in Long Blades
 17084 | Lair:3   | Noticed Sonja
 17094 | Lair:3   | Killed Sonja
 17457 | Lair:3   | Found a hole to the Spider Nest.
 17665 | Lair:3   | Noticed Gastronok
 17729 | Lair:3   | Killed Gastronok
 17730 | Lair:3   | Reached skill level 5 in Throwing
 17963 | Lair:4   | Reached skill level 11 in Fighting
 18503 | D:12     | Found a staircase to the Orcish Mines.
 18581 | D:12     | Found a portal to a secret trove of treasure.
 18863 | Orc:1    | Entered Level 1 of the Orcish Mines
 18900 | Orc:1    | Reached ****** piety under Zin
 19174 | Orc:2    | Entered Level 2 of the Orcish Mines
 19294 | Orc:2    | Found Tutag's Antique Armour Shoppe.
 19580 | Orc:2    | Found a staircase to the Elven Halls.
 19596 | Orc:2    | Reached XP level 15. HP: 118/119 MP: 21/21
 19641 | Orc:2    | Found Yhapsor's Antique Armour Emporium.
 19649 | Orc:2    | Found Ampat's Antique Weapon Emporium.
 19672 | Orc:2    | Found Piosoc's Magic Scroll Boutique.
 19688 | Orc:2    | Found Ximeg's Antique Armour Shoppe.
 19842 | Orc:2    | Bought a scroll of enchant armour for 135 gold pieces
 19842 | Orc:2    | Bought a scroll of fog for 36 gold pieces
 19950 | Orc:2    | Found a roughly hewn altar of Beogh.
 20148 | Elf:1    | Entered Level 1 of the Elven Halls
 20325 | Elf:1    | Noticed a deep elf elementalist
 21535 | D:13     | Found a white marble altar of Elyvilon.
 21583 | D:13     | Reached skill level 10 in Invocations
 23014 | Lair:4   | You fall into a shaft and drop 2 floors!
 23014 | Lair:6   | Entered Level 6 of the Lair of Beasts
 23062 | Lair:5   | Found a dark tunnel.
 23076 | Lair:5   | Reached skill level 12 in Fighting
 23089 | Volcano  | Entered a volcano
 24340 | Volcano  | Found a radiant altar of Vehumet.
 25013 | Lair:5   | Got a dazzling cloak
 25691 | Lair:6   | Reached skill level 13 in Fighting
 25733 | Lair:6   | Reached XP level 16. HP: 131/131 MP: 25/25
 25780 | Lair:6   | Found a staircase to the Slime Pits.
 25958 | Lair:6   | Reached skill level 14 in Fighting
 25959 | Lair:6   | Got an ancient scale mail
 25969 | Lair:6   | Identified the +6 scale mail of Longey {rC++ rN++ Regen+
                  | Str-4} (You found it on level 6 of the Lair of Beasts)
 26522 | Elf:1    | Noticed a deep elf sorcerer
 26540 | Orc:2    | Identified the +0 cloak of Honesty {rC+} (You found it on
                  | level 5 of the Lair of Beasts)
 26769 | D:14     | Found Samugh's Distillery.
 26798 | D:14     | Found Rose Afi's Antique Weapon Shop.
 27044 | D:14     | You fall into a shaft and drop 1 floor!
 27044 | D:15     | Entered Level 15 of the Dungeon
 28259 | Lair:4   | Reached skill level 5 in Evocations
 30478 | D:13     | Reached XP level 17. HP: 140/140 MP: 26/26
 30525 | D:13     | Found a gate to the Vaults.
 30691 | D:14     | Found Meonwiow's Magic Scroll Emporium.
 30702 | D:14     | Bought a scroll of enchant armour for 97 gold pieces
 30702 | D:14     | Bought a scroll of enchant weapon for 97 gold pieces
 30814 | D:14     | Found Weituq's Weapon Shop.
 30882 | D:14     | Found Lerru's Magic Scroll Boutique.
 30890 | D:14     | Bought a scroll of enchant weapon for 90 gold pieces
 30890 | D:14     | Bought a scroll of enchant armour for 90 gold pieces
 30890 | D:14     | Bought a scroll of enchant armour for 90 gold pieces
 30938 | D:14     | Noticed Nessos
 30960 | D:14     | Killed Nessos
 31041 | D:14     | Reached skill level 15 in Fighting
 31838 | D:15     | Noticed Rupert
 31885 | D:15     | Killed Rupert
 32214 | D:15     | Found a staircase to the Depths.
 32550 | Depths:1 | Entered Level 1 of the Depths
 32976 | Elf:1    | Noticed a Hell Sentinel
 32982 | Elf:1    | Noticed an Ice Fiend
 33334 | D:7      | Killed Mryle's ghost
 33557 | Slime:1  | Entered Level 1 of the Pits of Slime
 33606 | Slime:3  | Noticed an acid blob
 33908 | Slime:1  | Noticed an acid blob
 33915 | Slime:1  | Killed an acid blob
 34415 | Slime:2  | Reached XP level 18. HP: 151/151 MP: 27/27
 34422 | Slime:3  | Killed an acid blob
 34422 | Slime:3  | Noticed an acid blob
 34551 | Slime:3  | Killed an acid blob
 34695 | Slime:1  | Noticed an acid blob
 34720 | Slime:1  | Killed an acid blob
 34721 | Slime:1  | Reached skill level 10 in Axes
 34927 | Slime:3  | Noticed an acid blob
 34931 | Slime:3  | Killed an acid blob
 34964 | Slime:3  | Noticed an acid blob
 34976 | Slime:3  | Killed an acid blob
 34977 | Slime:3  | Reached skill level 16 in Fighting
 35431 | Slime:4  | Noticed an acid blob
 35442 | Slime:4  | Killed an acid blob
 35861 | Slime:4  | Noticed an acid blob
 35870 | Slime:4  | Killed an acid blob
 36054 | Slime:4  | Noticed an acid blob
 36062 | Slime:4  | Killed an acid blob
 36247 | Slime:4  | Noticed an acid blob
 36255 | Slime:4  | Killed an acid blob
 36636 | Slime:5  | Entered Level 5 of the Pits of Slime
 36665 | Slime:5  | Noticed an acid blob
 36682 | Slime:5  | Killed an acid blob
 36883 | Slime:5  | Noticed an acid blob
 36895 | Slime:4  | Killed an acid blob
 37174 | Slime:5  | Noticed an acid blob
 37186 | Slime:5  | Killed an acid blob
 37187 | Slime:5  | Reached XP level 19. HP: 137/159 MP: 28/28
 37364 | Slime:5  | Found a viscous altar of Jiyva.
 37397 | Slime:5  | Noticed the Royal Jelly
 37577 | Slime:5  | Found the +4 dagger "Morg" {pain, Will+ Int+5}
 37577 | Slime:5  | Found the +8 lance "Wyrmbane" {slay drac, rPois rF+ rC+
                  | AC+3}
 38061 | Orc:2    | Bought a bloodstained chain mail for 228 gold pieces
 38071 | Orc:2    | Identified the +3 chain mail of Anet {Harm *Drain Will++
                  | SInv} (You bought it in a shop on level 2 of the Orcish
                  | Mines)
 38345 | Shoals:1 | Entered Level 1 of the Shoals
 38476 | Spider:1 | Entered Level 1 of the Spider Nest
 38821 | Spider:1 | Upgraded the game from 0.26.0-8-g74fc34ddfb to
                  | 0.26.0-9-gab577f9fc5
 38991 | Spider:1 | Reached skill level 1 in Crossbows
 40020 | Spider:1 | Found a roughly hewn altar of Beogh.
 40303 | Spider:2 | Found a one-way gate to the infinite horrors of the Abyss.
 41165 | Spider:2 | Found a runed translucent gate.
 41166 | Spider:2 | Found a runed translucent gate.
 41167 | Spider:2 | Found a runed translucent gate.
 41168 | Spider:2 | Noticed Beorghan's ghost (adept MiBe)
 41229 | Spider:2 | Found a corrupted altar of Lugonu.
 41719 | Spider:2 | Killed Beorghan's ghost
 41932 | Spider:3 | Got a faintly humming chain mail
 41949 | Spider:2 | Identified the +0 chain mail "Votsumia" {rN+} (You found it
                  | on level 3 of the Spider Nest)
 42041 | Spider:4 | Entered Level 4 of the Spider Nest
 42282 | Spider:3 | Noticed Louise
 42467 | Spider:2 | Reached XP level 20. HP: 140/167 MP: 28/30
 42760 | Spider:3 | Killed Louise
 42792 | Spider:3 | Noticed Arachne
 42903 | Spider:3 | Killed Arachne
 43821 | Shoals:1 | Reached skill level 17 in Fighting
 43975 | Shoals:1 | Found a white marble altar of Elyvilon.
 44023 | Shoals:1 | Found Fofeq's Armour Shoppe.
 44060 | Shoals:1 | Found a runed translucent gate.
 44060 | Shoals:1 | Found a runed translucent gate.
 44060 | Shoals:1 | Found a runed translucent gate.
 44062 | Shoals:1 | Found an opulent altar of Gozag.
 44063 | Shoals:1 | Noticed xzight's ghost (adept MiBe)
 44064 | Shoals:1 | Found Huuness's Assorted Antiques.
 44065 | Shoals:1 | Found Meolapipn's Assorted Antiques.
 44070 | Shoals:1 | Found Caqeufam's Gadget Shoppe.
 44138 | Shoals:1 | Found Ycoib's Jewellery Boutique.
 44147 | Shoals:1 | Found Oshrimar's Armour Emporium.
 45109 | Shoals:2 | Found Mybif's Gadget Emporium.
 46397 | Shoals:4 | Entered Level 4 of the Shoals
 46673 | Shoals:4 | Found the +7 great mace "Firestarter" {inner flame, rF++}
 46791 | Shoals:4 | Reached XP level 21. HP: 98/174 MP: 31/31
 47114 | Shoals:4 | Identified the +2 buckler "Weecvou" {rElec rPois}
 47149 | Shoals:4 | Reached skill level 5 in Crossbows
 47338 | Shoals:4 | Reached skill level 1 in Maces & Flails
 47367 | Shoals:4 | Got a barnacled rune of Zot
 47913 | Shoals:1 | Killed xzight's ghost
 48007 | Shoals:1 | Bought a scroll of enchant weapon for 150 gold pieces
 48379 | D:14     | Bought a scroll of acquirement for 624 gold pieces
 48379 | D:14     | Acquired 523 gold pieces
 49042 | Depths:1 | Found a gateway to Hell.
 50685 | Depths:1 | Reached XP level 22. HP: 165/182 MP: 16/32
 50723 | Depths:1 | Reached skill level 5 in Maces & Flails
 52021 | Spider:4 | Got a gossamer rune of Zot
 54279 | Vaults:1 | Entered Level 1 of the Vaults
 56843 | Depths:2 | Reached skill level 15 in Dodging
 57293 | Depths:2 | Reached skill level 15 in Invocations
 57297 | Depths:2 | Reached XP level 23. HP: 56/189 MP: 34/34
 57502 | Depths:3 | Noticed Margery
 57516 | Depths:3 | Killed Margery
 57755 | Depths:3 | Reached skill level 15 in Armour
 57784 | Depths:3 | Reached skill level 15 in Shields
 57792 | Depths:3 | Reached skill level 10 in Maces & Flails
 58575 | Depths:3 | Found a radiant altar of Vehumet.
 58575 | Depths:3 | Noticed Frederick
 58584 | Depths:3 | Killed Frederick
 58592 | Depths:3 | Was placed under penance by Zin
 58812 | Depths:3 | Was forgiven by Zin
 58968 | Depths:3 | Found the +9 heavy crossbow "Sniper" {vorpal, Acc+∞ SInv}
 59292 | Depths:3 | Found Pivyqaxa's Book Emporium.
 59340 | Depths:3 | Found a basalt altar of Yredelemnul.
 59460 | Depths:3 | Identified the +1 halberd of the Rat {antimagic, +Inv Str-4
                  | Int+8 Stlth-} (You found it on level 3 of the Depths)
 59534 | Depths:3 | Found a one-way gate leading to the halls of Pandemonium.
 59689 | Hell     | Entered the Vestibule of Hell
 59689 | Hell     | Noticed Geryon
 59834 | Depths:4 | Found a gateway to a ziggurat.
 60512 | Depths:4 | Noticed a golden dragon
 60893 | Shoals:1 | Bought a manual of Maces & Flails for 2208 gold pieces
 63216 | Depths:4 | Reached skill level 18 in Fighting
 63246 | Depths:4 | Reached XP level 24. HP: 138/191 MP: 34/34
 63996 | Depths:4 | Killed a golden dragon
 64384 | Depths:4 | Noticed a caustic shrike
 64406 | Depths:4 | HP: 4/197 [acid (11)]
 64408 | Depths:4 | Splashed by a caustic shrike's acid

Illustrated notes

Levels and vault maps discovered:
D:1:      scummos_arrival_simple_crosswalls, layout_basic, minivault_11
D:2:      layout_loops_ring, chequers_temple_overflow_minitemple, tgw_trog
D:3:      layout_basic, nemelex_diamond_rough_becter, uniq_sigmund
D:4:      kennysheep_spiral_hall, layout_basic, evilmike_ruin_ashenzari,
          serial_bayou_pond_d
D:5:      layout_cave_pools, uniq_ijyb, uniq_eustachio
D:6:      layout_loops_ring, fedhas_altar_fruit_tree, minmay_splitting_lines,
          minmay_manual_mail, uniq_crazy_yiuf_cottage
D:7:      layout_cave_pools, nzn_overflow_gifts_of_might_and_magic,
          nzn_wu_jian_contemplation, minmay_temple_entry_trees,
          gammafunk_ghost_wrathful_warriors, enter_bailey_2, minmay_mini_ossuary
D:8:      layout_loops_ring, lair_entry_dummy, serial_shops, shop,
          nicolae_benzene_ring, lemuel_tele_altar
D:9:      layout_cross, old_standard_altar, serial_shops, shop,
          onia_ninara_dug_in_and_dangerous
D:10:     minmay_the_grid_net [minmay_the_grid_medium_cups,
          minmay_the_grid_minigrid_small, minmay_the_grid_square_x,
          minmay_the_grid_aliased_spiral, minmay_the_grid_stretched_grid,
          minmay_the_grid_prize_inner_circle], layout_basic, serial_shops, shop,
          uniq_urug, uniq_grum, uniq_fannar
D:11:     layout_loops_ring, uniq_nergalle
D:12:     layout_basic, orc_0_dummy, serial_shops, nicolae_shop_waterfront,
          enter_trove_3, uniq_kirke
D:13:     layout_roguey, grunt_vaults_entry_tiered, basic_altar,
          chequers_serial_rivers_micro_a
D:14:     layout_small_grid, serial_shops, kennysheep_mini_moat, shop, shop,
          shop, nicolae_shop_behind_doors, hangedman_decor_diamond_cutter,
          glass_columns_c, uniq_nessos
D:15:     grunt_enter_depths_magical_seal, layout_gridville, special_room
          [special_room_mythical_zoo], serial_park_fountain,
          minmay_misc_feat_pillars, st_stairs_6, uniq_rupert
Temple:   minmay_temple_curvy_loop
Lair:1:   layout_layer_cave, serial_bayou_lagoon_b, grunt_megastairs_3,
          lemuel_fruit_fields
Lair:2:   layout_cave_pods, minmay_shoals_entry_centaurs,
          gauntlet_entry_generic, serial_bayou_shore_a, grunt_megastairs_2
Lair:3:   dpeg_oklob_gauntlet, layout_hall_layers, spider_nest_entry_web_field,
          nicolae_quartered_pool_medium, lemuel_fruit_tree, uniq_sonja,
          uniq_gastronok
Lair:4:   layout_hall_layers
Lair:5:   dragon1_lemuel, layout_gridlike, nicolae_volcano_entry_hallway
Lair:6:   evilmike_catoblepas_cave, layout_regular_city,
          minmay_slime_entry_pillars, minivault_27
Shoals:1: layout_shoals, ebering_ghost_gozag, serial_shops, shop,
          nicolae_shop_statue_plus, shop, shop, lemuel_altar_in_water
Shoals:2: layout_shoals, serial_shops, shop, nicolae_shoals_seven_spires
Shoals:3: layout_shoals
Shoals:4: shoals_end_hangedman, layout_shoals
Spider:1: nicolae_spider_mines_2, special_room [special_room_bee],
          hangedman_spider_tarantella_strand
Spider:2: layout_spider_delve, gammafunk_ghost_necromancy,
          amcnicky_altar_lugonu_corruption
Spider:3: layout_spider_delve, guppyfry_hornet_nest, uniq_arachne, uniq_louise
Spider:4: grunt_spider_rune_circles
Slime:1:  layout_caves
Slime:2:  layout_caves
Slime:3:  layout_caves, cheibrodos_slime_lost_civilization_6
Slime:4:  layout_caves, cheibrodos_slime_lost_civilization_5
Slime:5
Orc:1:    layout_caves, basic_altar, gammafunk_ghost_cemetery
Orc:2:    st_orc_open, layout_diamond_mine, serial_shops,
          nicolae_shop_waterfront, amcnicky_altar_gilded
Elf:1:    layout_loops_corners, hangedman_elf_represent
Vaults:1: grunt_vaults_diagonal, hangedman_vaults_stream,
          ontoclasm_vaults_ring_square, v_misc_13,
          nicolae_vaults_hallways_thing, v_misc_8, nicolae_vaults_circle_grid_b,
          nicolae_vaults_little_squares_5, ontoclasm_vaults_gateway,
          grunt_vaults_hallway_long, nicolae_vaults_little_ls,
          vaults_room_semicircle, ontoclasm_vaults_idyll,
          nicolae_vaults_border_crossing, layout_vaults_omnicross, serial_shops,
          shop
Depths:1: layout_gridlike, hellmouth_1, minmay_misc_feat_more_columns,
          hangedman_abyss_or_decor_lesser_grid, kennysheep_generic_room_8
Depths:2: grated_community_mu [grated_community_mu_vampire_home,
          grated_community_mu_giant_home, grated_community_mu_spellcaster_home,
          grated_community_mu_orcish_home, grated_community_mu_troll_home,
          grated_community_mu_taur_home, grated_community_mu_unbuilt_plot],
          layout_cave_pools, serial_rivers, chequers_serial_rivers_micro_e,
          chequers_serial_rivers_micro_d, chequers_serial_rivers_small_3,
          chequers_serial_rivers_small_b, chequers_serial_rivers_marsh,
          infiniplex_staircase_zigzag_5, grunt_mini_vestibule
Depths:3: evilmike_halls_of_destruction, layout_honeycomb, serial_shops,
          kennysheep_mini, pf_dread_powers_of_hell, pan_entry, basic_altar,
          grunt_ministairs_13, infiniplex_staircase_pool_2, uniq_margery
Depths:4: kennysheep_four_of_diamonds, layout_basic, enter_ziggurat_f,
          abyss_entry_small_statue_room, hangedman_tar_grid_catacomb, pan_entry
Hell

Skill      XL: |  1  2  3  4  5  6  7  8  9 10 11 12 13 14 15 16 17 18 19 20 21 22 23 24 |
---------------+-------------------------------------------------------------------------+-----
Shields        | 4 5 6 7 8 9 10 11 12 13 14 15 | 15.4
Axes           | 3 4 5 6 7 8 9 11 12 13 | 13.8
Armour         | 4 5 6 7 8 9 10 11 12 13 14 15 | 15.5
Fighting       | 4 5 6 8 9 10 11 13 14 15 16 17 18 | 18.0
Dodging        | 1 2 4 6 8 9 10 11 12 13 14 15 | 15.3
Long Blades    | 3 4 5 7 8 9 10 11 12 13 | 13.8
Throwing       | 1 4 5 6 7 |  7.0
Stealth        | 1 2 |  2.9
Evocations     | 1 2 5 7 |  7.8
Polearms       | 2 |  2.1
Invocations    | 1 3 5 7 8 12 13 14 15 | 15.7
Crossbows      | 3 4 6 7 8 |  8.6
Maces & Flails | 4 8 11 12 | 12.3
Short Blades   | |  0.7

Action                   |  1- 3 |  4- 6 |  7- 9 | 10-12 | 13-15 | 16-18 | 19-21 | 22-24 || total
-------------------------+-------+-------+-------+-------+-------+-------+-------+-------++-------
Melee: War axe           |    63 |   168 |    71 |       |       |       |       |       ||   302
       Great sword       |       |       |    65 |   413 |   555 |       |       |       ||  1033
       Hand axe          |       |       |   178 |   277 |   471 |       |       |       ||   926
       Halberd           |       |       |    10 |     8 |       |       |       |       ||    18
       Battleaxe         |       |       |       |    18 |     3 |   651 |   917 |    42 ||  1631
       Rapier            |       |       |       |       |     1 |   118 |    47 |       ||   166
       Triple sword      |       |       |       |       |    96 |   155 |       |       ||   251
       Long sword        |       |       |       |       |    85 |       |       |       ||    85
       Morningstar       |       |       |       |       |     7 |       |       |       ||     7
       Flail             |       |       |       |       |       |    10 |       |       ||    10
       Great mace        |       |       |       |       |       |       |   269 |   573 ||   842
       Double sword      |       |       |       |       |       |       |       |    16 ||    16
 Fire: Longbow           |       |       |       |       |       |     4 |    30 |       ||    34
       Arbalest          |       |       |       |       |       |       |       |    52 ||    52
       Heavy crossbow    |       |       |       |       |       |       |       |    23 ||    23
Throw: Boomerang         |       |     3 |   100 |       |    95 |    98 |   262 |   219 ||   777
       Dart              |       |     3 |    23 |    19 |     6 |     2 |       |     1 ||    54
       Throwing net      |       |     1 |       |       |       |       |       |       ||     1
       Stone             |       |       |    26 |       |     1 |       |       |       ||    27
       Javelin           |       |       |       |       |    41 |     6 |       |     3 ||    50
Invok: Recite            |       |       |       |    10 |    16 |    17 |    33 |    32 ||   108
       Vitalisation      |       |       |       |     5 |    14 |     9 |    34 |    18 ||    80
       Imprison          |       |       |       |     1 |     4 |       |     4 |     4 ||    13
       Sanctuary         |       |       |       |       |       |     2 |     3 |     2 ||     7
 Abil: Dig               |       |     8 |    10 |     8 |    45 |    40 |    43 |    64 ||   218
Evoke: Wand              |       |       |    15 |     8 |     1 |       |       |     9 ||    33
       Tin of tremorston |       |       |       |       |       |       |     1 |       ||     1
  Use: Potion            |     1 |     2 |     2 |     5 |    14 |     6 |    10 |     9 ||    49
       Scroll            |       |       |    12 |     9 |    16 |    15 |     9 |    13 ||    74
 Stab: Paralysed         |       |       |       |     8 |       |       |     1 |       ||     9
       Confused          |       |       |       |     2 |     7 |     6 |    11 |     1 ||    27
       Invisible         |       |       |       |     1 |     1 |       |     1 |       ||     3
       Distracted        |       |       |       |       |       |     1 |       |       ||     1
Armor: Scale mail        |    33 |    52 |   117 |     1 |       |       |    73 |   116 ||   392
       Crystal plate arm |       |       |       |   527 |   722 |   595 |   942 |   314 ||  3100
Dodge: Dodged            |    38 |    78 |   138 |   220 |   463 |   358 |   855 |   455 ||  2605
Block: Kite shield       |    57 |    91 |   175 |   524 |   831 |   626 |   668 |   662 ||  3634
       Tower shield      |       |       |       |       |       |       |   944 |       ||   944
       Reflection        |       |       |       |       |       |       |     7 |    74 ||    81
       Rpst.: Great sword |       |       |     6 |    26 |    64 |       |       |       ||    96
       Triple sword      |       |       |       |       |     8 |    18 |       |       ||    26
       Long sword        |       |       |       |       |     6 |       |       |       ||     6
       Double sword      |       |       |       |       |       |       |       |     1 ||     1
